 Dungeon Crawl Stone Soup version 0.29.1-1-gd02db6906a (webtiles) character file.

Game seed: 64241924534358899

37664 KamiKatze the Thaumaturge (level 13, -1/76 HPs)
             Began as an Octopode Conjurer on Sept 16, 2022.
             Was a High Priest of Vehumet.
             Slain by a polar bear (12 damage)
             ... on level 5 of the Lair of Beasts on Sept 17, 2022.
             The game lasted 01:41:33 (19003 turns).

KamiKatze the Thaumaturge (Octopode Conjurer)      Turns: 19003, Time: 01:41:34

Health: -1/76      AC:  1    Str:  6    XL:     13   Next: 98%
Magic:  24/28      EV: 13    Int: 31    God:    Vehumet [*****.]
Gold:   490        SH:  6    Dex: 11    Spells: 11/34 levels left

rFire   . . .      SeeInvis +   a - +1 dagger (venom)
rCold   . . .      Faith    .   m - +2 buckler of the Painted God {Int+6}
rNeg    . . .      Spirit   .   C - +0 mask of the Dragon {Will+ Slay+3 SInv}
rPois   +          Reflect  .   g - amulet of the acrobat
rElec   .          Harm     .   B - ring of willpower
rCorr   .          Rampage  .   L - ring of poison resistance
Will    ++...                   K - ring of wizardry
Stlth   ++++......              P - ring of wizardry
HPRegen 0.22/turn               (no ring)
MPRegen 0.21/turn               (no ring)
                                (no ring)
                                (no ring)

@: no status effects
A: almost no armour, amphibious, 8 rings, camouflage 1, gelatinous body 1,
(nimble swimmer 1), tentacles
a: Renounce Religion


You were on level 5 of the Lair of Beasts.
You worshipped Vehumet.
Vehumet was extremely pleased with you.
You visited 3 branches of the dungeon, and saw 16 of its levels.

You collected 927 gold pieces.
You spent 437 gold pieces at shops.

Inventory:

Hand Weapons
 a - a +1 dagger of venom (weapon)
 w - a +4 short sword
 O - a +1 short sword of venom
 Q - the +1 hand axe of Bodily Harmony {holy, *Rage Drain +Blink rElec Int+7}
   (You took it off a deep elf pyromancer on level 10 of the Dungeon)

   It has been blessed by the Shining One to cause great damage to the undead
   and demons.
   Int:       It affects your intelligence (+7).
   rElec:     It insulates you from electricity.
   +Blink:    It lets you blink.
   *Rage:     It berserks you when you make melee attacks (+20% chance).
   Drain:     It drains your maximum health when unequipped.
 T - a +2 trident of venom
 U - the +9 mace of Lies {protect, rC+ Dex+6}
   (You found it on level 4 of the Lair of Beasts)

   It grants its wielder temporary protection when it strikes (+7 to AC).
   Dex:       It affects your dexterity (+6).
   rC:        It protects you from cold.
Missiles
 p - 35 poisoned darts (quivered)
 v - 2 atropa-tipped darts
 M - 5 curare-tipped darts
Armour
 m - the +2 buckler of the Painted God (worn) {Int+6}
   (You found it on level 2 of the Dungeon)

   Int:       It affects your intelligence (+6).
 C - the +0 mask of the Dragon (worn) {Will+ Slay+3 SInv}
   (You acquired it on level 9 of the Dungeon)

   Slay:      It affects your accuracy & damage with ranged weapons and melee
   (+3).
   SInv:      It lets you see invisible.
   Will:      It increases your willpower.
Magical Staves
 c - a staff of cold
 d - a staff of death
 f - a staff of fire
Jewellery
 g - an amulet of the acrobat (around mantle)
 A - the ring of the Original Sin {rC- Will+ Str+7 Dex+4}
   (You found it on level 5 of the Dungeon)

   [ring of willpower]

   Str:       It affects your strength (+7).
   Dex:       It affects your dexterity (+4).
   rC:        It makes you vulnerable to cold.
   Will:      It increases your willpower.
 B - a ring of willpower (left tentacle)
 K - a ring of wizardry (on tentacle)
 L - a ring of poison resistance (right tentacle)
 P - a ring of wizardry (on tentacle)
 R - the ring "Esuiheh" {Fire Str-3 Int+7}
   (You took it off a gnoll sergeant on level 10 of the Dungeon)

   [ring of fire]

   It enhances your fire magic.
   Str:       It affects your strength (-3).
   Int:       It affects your intelligence (+7).
   rF:        It protects you from fire.
   rC:        It makes you vulnerable to cold.
Wands
 o - a wand of charming (9)
 r - a wand of flame (20)
 t - a wand of polymorph (6)
 H - a wand of iceblast (10)
Scrolls
 b - a scroll of amnesia
 e - a scroll of enchant armour
 i - 4 scrolls of enchant weapon
 j - 3 scrolls of fog
 q - 4 scrolls of immolation
 x - 4 scrolls of teleportation
 y - 5 scrolls of magic mapping
 E - a scroll of fear
 S - a scroll of poison
 V - a scroll of identify
Potions
 h - 3 potions of invisibility
 k - 7 potions of heal wounds
 l - 4 potions of haste
 n - 3 potions of attraction
 s - 10 potions of curing
 u - 2 potions of berserk rage
 z - 2 potions of mutation
 D - a potion of cancellation
 F - a potion of resistance
 G - 2 potions of ambrosia
 I - 2 potions of brilliance
 J - 5 potions of magic
 N - a potion of lignification
 W - 7 potions of might


   Skills:
 - Level 2.8 Fighting
 - Level 4.4 Dodging
 - Level 6.2 Stealth
 - Level 4.0 Shields
 * Level 11.1 Spellcasting
 + Level 9.9 Conjurations
 + Level 9.2 Hexes
 + Level 9.1 Translocations
 - Level 3.0 Transmutations
 - Level 3.0 Fire Magic
 + Level 7.8 Earth Magic
 - Level 8.0 Poison Magic


You had 11 spell levels left.
You knew the following spells:

 Your Spells              Type           Power      Damage    Failure   Level
a - Magic Dart            Conj           100%       1d8       1%          1
b - Searing Ray           Conj           100%       2d8       1%          2
c - Fulminant Prism       Conj/Hex       33%        3d16      1%          4
d - Iskenderun's Mystic   Conj/Tloc      66%        2d14      1%          4
e - Lee's Rapid Deconstr  Erth           30%        3d17*     1%          5
f - Ignite Poison         Fire/Tmut/Pois 46%        N/A       1%          3
g - Olgreb's Toxic Radia  Pois           61%        N/A       1%          4

Your spell library contained the following spells:

 Spells                   Type           Power      Damage    Failure   Level
 Sticky Flame             Conj/Fire      55%        2d7       1%          4
 Foxfire                  Conj/Fire      100%       2x1d9     1%          1
 Freeze                   Ice            68%        1d8       1%          1
 Necrotise                Necr           68%        1d7       1%          1
 Poisonous Vapours        Pois/Air       84%        N/A       1%          2
 Confusing Touch          Hex            65%        N/A       1%          3
 Conjure Flame            Conj/Fire      55%        6-21      1%          3
 Dazzling Flash           Conj/Hex       100%       N/A       1%          3
 Frozen Ramparts          Ice            34%        1d6       1%          3
 Inner Flame              Hex/Fire       53%        N/A       1%          3
 Cause Fear               Hex            32%        N/A       1%          4
 Flame Wave               Conj/Fire      55%        2d13      1%          4
 Hailstorm                Conj/Ice       48%        3d11      1%          4
 Yara's Violent Unravell  Hex/Tmut       26%        3d11      1%          5
 Ozocubu's Armour         Ice            17%        N/A       3%          3
 Corpse Rot               Necr/Pois/Air  33%        N/A       3%          4
 Metabolic Englaciation   Hex/Ice        22%        N/A       4%          5
 Dispersal                Tloc           32%        N/A       4%          6
 Enfeeble                 Hex            32%        N/A       17%         7
 Discord                  Hex            32%        N/A       77%         8
 Simulacrum               Ice/Necr       8%         N/A       78%         6
 Disjunction              Tloc           32%        N/A       78%         8


Dungeon Overview and Level Annotations

Branches:
Dungeon (10/15)            Temple (1/1) D:4            Lair (5/5) D:10
 Shoals (0/4) Lair:3       Spider (0/4) Lair:3
  Slime: Lair:4-5       Orc: D:9-12

Altars:
Ashenzari
Cheibriados
Dithmenos
Elyvilon
Fedhas
Gozag
Hepliaklqana
Kikubaaqudgha
Makhleb
Nemelex Xobeh
Okawaru
Qazlal
Ru
Sif Muna
Trog
Uskayaw
Vehumet
Wu Jian
Xom
Yredelemnul
Zin
The Shining One
Jiyva

Shops:
D:5 ??!   D:6 =

Annotations:
D:8 3 runed translucent doors, exclusion: 3 doors, MirrMurr's ghost, novice DsBe
Lair:1 2 transporters, Exe's ghost, journeyman DsBe
Lair:3 3 runed translucent doors, exclusion: 3 doors, pzskc383's ghost, journeyman GrFi
Lair:4 exclusion: 2 doors
Lair:5 Urug


Innate Abilities, Weirdness & Mutations

You cannot wear most types of armour.
You are amphibious.
You can wear up to eight rings at the same time.
Your skin changes colour to match your surroundings (Stealth+).
Your rubbery body absorbs attacks. (AC +1, EV +1)
((You are camouflaged when in or above water. (Stealth+)))
You have tentacles for arms and can constrict up to eight enemies at once.


Message History

The water moccasin is knocked back by the mystic blast.
The mystic blast hits the hell rat!
The hell rat is severely wounded.
The hell rat is knocked back by the mystic blast.
The mystic blast hits Urug!
Urug is lightly wounded.
Urug is knocked back by the mystic blast.
Urug slams into the rock wall!
Urug is lightly wounded.
The mystic blast hits the slime creature!!
The slime creature is moderately wounded.
The slime creature is knocked back by the mystic blast.
The slime creature collides with the dire elephant!
The dire elephant is lightly wounded.
The slime creature is moderately wounded.
The mystic blast hits the jelly!
The jelly is almost dead.
The jelly is knocked back by the mystic blast.
The mystic blast hits the komodo dragon!
The komodo dragon is moderately wounded.
The mystic blast hits the yak.
The yak is lightly wounded.
The yak is knocked back by the mystic blast.
The mystic blast hits the cane toad but does no damage.
The mystic blast hits the komodo dragon!!
The komodo dragon is heavily wounded.
The komodo dragon is knocked back by the mystic blast.
The mystic blast hits the yak.
The yak is lightly wounded.
The yak is knocked back by the mystic blast.
The mystic blast hits the polar bear!
The polar bear is moderately wounded.
The polar bear is knocked back by the mystic blast.
The polar bear collides with the slime creature!
The slime creature is severely wounded.
The slime creature quivers.
The cane toad closely misses you. The komodo dragon bites you!!
* * * LOW HITPOINT WARNING * * *
The polar bear bites you!
You die...

... ...# ....J#
...### ......
..... .
.....l##..S ..
...D.÷#...###...
..J.......l.....
.....÷....÷.....
....Y...<.÷.....
.....Jh@l.÷.S)..
.....YH.F......(
....YY.Y.o.r....
.r.FYY÷...#...##
#...WY.Y.######
........##
........#
##...Y..##
#........#


You could see a dire elephant, an elephant, Urug, 2 slime creatures, a polar
bear, 3 komodo dragons, 8 yaks, a cane toad, a harpy, a blink frog, a wraith, a
steam dragon, 2 water moccasins, 2 hell rats and a jelly.

Vanquished Creatures
  Josephine (Lair:5)
  An ogre mage (D:10)
  4 hydras
  2 two-headed ogres (D:10)
  A tengu warrior (D:10)
  An orc knight (D:10)
  2 deep elf pyromancers (D:10)
  2 manticores (D:10)
  An oklob plant (D:8)
  4 merfolk sirens (Lair:3)
  A black mamba (Lair:4)
  9 cane toads
  2 unseen horrors (D:10)
  Psyche (D:9)
  4 rime drakes
  3 unseen horror zombies (D:9)
  9 komodo dragons
  2 trolls (D:10)
  4 polar bears
  13 blink frogs
  2 hornets
  Sigmund (D:2)
  2 shadows (D:10)
  A wraith (Lair:5)
  2 basilisks
  7 wyverns
  31 yaks
  2 steam dragons
  2 vampire mosquitoes (D:10)
  4 acid dragons (D:10)
  16 water moccasins
  2 ice beasts (D:6)
  5 black bears
  5 orc warriors
  16 wolves
  3 centaurs
  4 phantoms
  A kobold brigand (D:7)
  15 bullfrogs
  2 gnoll sergeants (D:10)
  4 necrophages
  2 scorpions
  15 wights
  16 killer bees
  An electric eel (Lair:4)
  2 howler monkeys
  2 centaur zombies (D:9)
  A human zombie (D:9)
  9 hounds
  5 jellies
  10 orc priests
  4 iguanas (D:5)
  12 orc wizards
  2 hell rats (Lair:5)
  A mummy (D:9)
  4 gnolls (D:5)
  13 adders
  A shadow imp (D:5)
  2 white imps
  2 ufetubi
  4 worms
  5 dart slugs
  53 orcs
  7 ball pythons
  22 endoplasms
  4 giant cockroaches
  3 goblins (D:4)
  11 hobgoblins
  7 jackals
  2 quokkas
  5 bats
  8 frilled lizards
  15 kobolds
  7 rats
  A fulminant prism (D:10)
452 creatures vanquished.

Vanquished Creatures (collateral kills)
  A troll (D:10)
1 creature vanquished.

Vanquished Creatures (others)
  221 fulminant prisms
  68 fungi
  53 plants
342 creatures vanquished.

Grand Total: 795 creatures vanquished

Notes
Turn   | Place    | Note
-------+----------+-------------------------------------------
     0 | D:1      | KamiKatze the Octopode Conjurer began the quest for the
                  | Orb.
     0 | D:1      | Reached XP level 1. HP: 11/11 MP: 3/3
   245 | D:1      | Reached XP level 2. HP: 17/17 MP: 0/5
   664 | D:1      | Learned a level 2 spell: Searing Ray
   811 | D:2      | Noticed Sigmund
   811 | D:2      | Found a faded altar of an unknown god.
   877 | D:2      | Reached XP level 3. HP: 21/21 MP: 2/6
   911 | D:2      | Reached skill level 1 in Hexes
   911 | D:2      | Reached skill level 1 in Translocations
  1201 | D:2      | Reached XP level 4. HP: 27/27 MP: 1/7
  1302 | D:2      | Got Plato's Omnibus of Bloodstone
  1349 | D:2      | Identified the +2 buckler of the Painted God {Int+6}
  1414 | D:2      | Killed Sigmund
  1415 | D:2      | Reached XP level 5. HP: 14/31 MP: 3/9
  1415 | D:2      | Reached XP level 6. HP: 16/36 MP: 3/10
  1579 | D:2      | Learned a level 4 spell: Fulminant Prism
  2317 | D:3      | Reached skill level 3 in Spellcasting
  2909 | D:4      | Learned a level 4 spell: Iskenderun's Mystic Blast
  2913 | D:4      | Found a burning altar of Makhleb.
  3007 | D:4      | Found a hazy altar of Hepliaklqana.
  3182 | D:4      | Found a staircase to the Ecumenical Temple.
  3187 | D:4      | Reached skill level 1 in Shields
  3193 | Temple   | Entered the Ecumenical Temple
  3353 | Temple   | Became a worshipper of Vehumet
  3443 | D:4      | Reached XP level 7. HP: 41/41 MP: 7/11
  3447 | D:4      | Reached skill level 5 in Conjurations
  3685 | D:5      | Entered Level 5 of the Dungeon
  3942 | D:5      | Found Jahiekh's Magic Scroll Shop.
  3962 | D:5      | Bought a scroll of teleportation for 45 gold pieces
  3971 | D:5      | Found Ypaneat's Distillery.
  4320 | D:4      | Reached skill level 4 in Spellcasting
  4320 | D:4      | Reached XP level 8. HP: 38/46 MP: 2/14
  4383 | D:5      | Bought a potion of degeneration for 10 gold pieces
  4386 | D:5      | Bought a potion of mutation for 80 gold pieces
  4386 | D:5      | Bought 2 potions of curing for 60 gold pieces
  4430 | D:5      | Reached * piety under Vehumet
  4430 | D:5      | Offered knowledge of Foxfire by Vehumet.
  4512 | D:5      | Identified the ring of the Original Sin {rC- Will+ Str+7
                  | Dex+4}
  4536 | D:5      | Found a snail-covered altar of Cheibriados.
  4583 | D:5      | Found Caosufoo's Magic Scroll Boutique.
  4644 | D:5      | Noticed a wyvern
  4692 | D:4      | Killed a wyvern
  4766 | D:5      | Found a blossoming altar of Fedhas.
  4987 | D:5      | Found a white marble altar of Elyvilon.
  5172 | D:5      | Bought a scroll of magic mapping for 82 gold pieces
  5374 | D:6      | Found Reluer's Jewellery Emporium.
  5673 | D:6      | Reached XP level 9. HP: 31/51 MP: 6/16
  5812 | D:6      | Reached skill level 5 in Spellcasting
  5812 | D:6      | Reached skill level 5 in Hexes
  5812 | D:6      | Reached skill level 5 in Translocations
  5936 | D:6      | Found an iron altar of Okawaru.
  6023 | D:7      | Found a shadowy altar of Dithmenos.
  6204 | D:7      | Reached ** piety under Vehumet
  6204 | D:7      | Offered knowledge of Freeze by Vehumet.
  6496 | D:7      | Reached skill level 1 in Fighting
  6555 | D:7      | Noticed a hornet
  6566 | D:7      | Killed a hornet
  6845 | D:7      | Reached skill level 5 in Stealth
  7143 | D:8      | Offered knowledge of Ignite Poison by Vehumet.
  7149 | D:8      | Learned a level 3 spell: Ignite Poison
  7257 | D:8      | Reached *** piety under Vehumet
  7288 | D:8      | Noticed an oklob plant
  7297 | D:8      | Reached XP level 10. HP: 60/60 MP: 11/18
  7419 | D:8      | Reached skill level 1 in Transmutations
  7419 | D:8      | Reached skill level 1 in Fire Magic
  7483 | D:8      | Offered knowledge of Olgreb's Toxic Radiance by Vehumet.
  7489 | D:8      | Learned a level 4 spell: Olgreb's Toxic Radiance
  7661 | D:8      | Killed an oklob plant
  7848 | D:8      | Found a runed translucent gate.
  7848 | D:8      | Found a runed translucent gate.
  7849 | D:8      | Found a runed translucent gate.
  7849 | D:8      | Noticed MirrMurr's ghost (novice DsBe)
  7852 | D:8      | Found a viscous altar of Jiyva.
  8116 | D:5      | Bought a scroll of enchant armour for 82 gold pieces
  8228 | D:8      | Reached **** piety under Vehumet
  8249 | D:8      | Reached skill level 6 in Spellcasting
  8297 | D:8      | Found a shimmering altar of Xom.
  8398 | D:9      | Identified a scroll of acquirement
  8447 | D:9      | Found a glowing golden altar of the Shining One.
  8509 | D:9      | Offered knowledge of Lee's Rapid Deconstruction by Vehumet.
  8934 | D:9      | Reached skill level 7 in Spellcasting
  8940 | D:9      | Learned a level 5 spell: Lee's Rapid Deconstruction
  8998 | D:9      | Reached skill level 1 in Poison Magic
  9165 | D:9      | Noticed Psyche
  9175 | D:9      | Killed Psyche
  9176 | D:9      | Reached skill level 1 in Earth Magic
  9324 | D:9      | Reached XP level 11. HP: 64/64 MP: 9/22
  9674 | D:9      | Found an ancient bone altar of Kikubaaqudgha.
  9930 | D:10     | Entered Level 10 of the Dungeon
  9953 | D:10     | Noticed Sonja
  9954 | D:10     | Noticed Sonja
  9954 | D:10     | Sonja changed into Sonja the black bear
  9957 | D:10     | Killed Sonja the black bear
 10079 | D:10     | Reached skill level 8 in Spellcasting
 10507 | D:5      | Bought a scroll of teleportation for 33 gold pieces
 10531 | D:5      | Bought a scroll of teleportation for 45 gold pieces
 10734 | D:10     | Identified the ring "Esuiheh" {Fire Str-3 Int+7}
 10855 | D:10     | Noticed a two-headed ogre
 10867 | D:10     | Killed a two-headed ogre
 11057 | D:10     | Noticed a two-headed ogre
 11216 | D:10     | Noticed a tengu warrior
 11501 | D:10     | Noticed a manticore
 11504 | D:10     | Noticed a deep elf pyromancer
 11505 | D:10     | Reached skill level 5 in Poison Magic
 11507 | D:10     | Killed a manticore
 11821 | D:10     | Killed a two-headed ogre
 11836 | D:10     | Noticed a manticore
 11954 | D:10     | Noticed an ogre mage
 11959 | D:10     | Killed a manticore
 12097 | D:10     | Killed an ogre mage
 12098 | D:10     | Reached XP level 12. HP: 50/70 MP: 7/24
 12434 | D:10     | Reached skill level 5 in Earth Magic
 12598 | D:10     | Killed a tengu warrior
 12598 | D:10     | Identified the +1 hand axe of Bodily Harmony {holy, *Rage
                  | Drain +Blink rElec Int+7}
 12715 | D:10     | Reached skill level 9 in Spellcasting
 13425 | D:10     | Found a staircase to the Lair.
 13443 | D:10     | Acquired the +0 mask of the Dragon {Will+ Slay+3 SInv}
 13443 | D:10     | Found the +0 mask of the Dragon {Will+ Slay+3 SInv}
 13470 | Lair:1   | Entered Level 1 of the Lair of Beasts
 13650 | Lair:1   | Found a transporter.
 13659 | Lair:1   | Noticed Exe's ghost (journeyman DsBe)
 13660 | Lair:1   | Found a bloodstained altar of Trog.
 13716 | Lair:1   | Found a transporter.
 14054 | Lair:1   | Reached ***** piety under Vehumet
 14236 | Lair:1   | Offered knowledge of Ozocubu's Refrigeration by Vehumet.
 15432 | Lair:2   | Reached XP level 13. HP: 76/76 MP: 13/26
 16130 | Lair:3   | Found a runed translucent gate.
 16130 | Lair:3   | Found a runed translucent gate.
 16130 | Lair:3   | Found a runed translucent gate.
 16137 | Lair:3   | Noticed pzskc383's ghost (journeyman GrFi)
 16587 | Lair:3   | Reached skill level 10 in Spellcasting
 16977 | Lair:3   | Found a staircase to the Shoals.
 17027 | Lair:3   | Found a hole to the Spider Nest.
 17035 | Lair:3   | Identified the +5 lajatang of the Bursting Pariah {freeze,
                  | SInv}
 18049 | Lair:4   | Identified the +9 mace of Lies {protect, rC+ Dex+6}
 18282 | Lair:4   | Found the +4 skin of Zhor {*Englaciate rC+++ SInv}
 18526 | Lair:5   | Entered Level 5 of the Lair of Beasts
 18528 | Lair:5   | Noticed Josephine
 18537 | Lair:5   | Killed Josephine
 18539 | Lair:5   | Reached skill level 11 in Spellcasting
 18539 | Lair:5   | Offered knowledge of Sticky Flame by Vehumet.
 19002 | Lair:5   | Noticed a dire elephant
 19002 | Lair:5   | Noticed Urug
 19003 | Lair:5   | Slain by a polar bear

Illustrated notes

Levels and vault maps discovered:
D:1:      matt_arrival_grand_opening, layout_loops_ring
D:2:      layout_loops_ring, shapermc_ecumenical_altar_rom_forum, uniq_sigmund
D:3:      kennysheep_six_static_rooms, layout_loops_ring,
          kennysheep_generic_room_8
D:4:      minmay_angry_zag, layout_cave_pools,
          mainiacjoe_overflow_concentric_impassable, mainiacjoe_overflow_paths,
          minmay_temple_entry_antechambers
D:5:      layout_cave_pools, elyvilon_altar_5, fedhas_altar_4,
          kennysheep_slug_shrine, serial_shops, nicolae_shop_trees, shop,
          nicolae_diamond_shop, minmay_chambers_of_fives
D:6:      layout_loops_cross, lemuel_round_altar, serial_shops, shop
D:7:      layout_rooms, nicolae_dithmenos_the_darkroom
D:8:      lemuel_slime, layout_rooms, mainiacjoe_overflow_tiny_flanked,
          gammafunk_ghost_ooze
D:9:      layout_roguey, lemuel_mausoleum_altar_kikubaaqudgha,
          mainiacjoe_overflow_alcove_4, uniq_psyche
D:10:     minmay_the_grid_square_5x5_3x3 [minmay_the_grid_square_5x5_dogpile,
          minmay_the_grid_square_5x5_half_checkered,
          minmay_the_grid_square_5x5_c, minmay_the_grid_square_5x5_n,
          minmay_the_grid_square_5x5_megaprize_diamond,
          minmay_the_grid_square_5x5_inner_v,
          minmay_the_grid_square_5x5_checkered_statues,
          minmay_the_grid_square_5x5_three_small, minmay_the_grid_square_5x5_v],
          layout_long_grid, grunt_lair_entry_orc_guard_hut, minivault_26,
          st_stairs_2, uniq_sonja
Temple:   hellmonk_temple_flake
Lair:1:   layout_regular_city, gammafunk_ghost_wrathful_warriors, minivault_19,
          beast_lair_carwin_7
Lair:2:   layout_hall_layers, minivault_19
Lair:3:   layout_chaotic_city, elwin_shoals_entry_stream,
          spider_nest_entry_web_field, ebering_ghost_rock_garden,
          grunt_megastairs_3
Lair:4:   layout_cave_shapes, hellmonk_guarded_unrand_zhor,
          serial_bayou_shore_b, grunt_megastairs_2, infiniplex_staircase_pool
Lair:5:   gammafunk_lair_ancient_temple, layout_big_grid,
          minmay_slime_entry_pillars, uniq_josephine, uniq_urug

Skill      XL: |  1  2  3  4  5  6  7  8  9 10 11 12 13 |
---------------+----------------------------------------+-----
Stealth        | 3 4 5 6 |  6.2
Hexes          | 1 2 3 4 6 7 8 9 |  9.2
Translocations | 1 2 3 4 5 6 7 9 |  9.1
Dodging        | 3 4 |  4.4
Spellcasting   | 3 4 5 7 8 9 11 | 11.1
Shields        | 1 2 3 4 |  4.0
Conjurations   | 5 6 7 8 9 |  9.9
Fighting       | 1 2 |  2.8
Transmutations | 2 3 |  3.0
Fire Magic     | 2 3 |  3.0
Poison Magic   | 2 5 7 8 |  8.0
Earth Magic    | 1 4 6 7 |  7.8

Action                   |  1- 3 |  4- 6 |  7- 9 | 10-12 | 13-15 || total
-------------------------+-------+-------+-------+-------+-------++-------
Melee: Dagger            |     7 |    13 |       |    15 |     6 ||    41
       Constrict         |     4 |     2 |     2 |     6 |       ||    14
       Unarmed           |     2 |       |       |       |       ||     2
       Tentacles         |     4 |     3 |     2 |     6 |     1 ||    16
       Short sword       |       |       |    12 |     8 |       ||    20
       Punch             |       |       |       |     1 |       ||     1
Throw: Dart              |       |       |       |     1 |       ||     1
 Cast: Magic Dart        |    42 |    77 |    96 |    45 |     4 ||   264
       Searing Ray       |     2 |    14 |    44 |    32 |     2 ||    94
       Fulminant Prism   |       |       |    24 |   129 |    69 ||   222
       Iskenderun's Myst |       |       |     5 |    71 |    37 ||   113
       Lee's Rapid Decon |       |       |       |    30 |    21 ||    51
       Ignite Poison     |       |       |       |     2 |     1 ||     3
       Olgreb's Toxic Ra |       |       |       |     2 |       ||     2
Evoke: Wand              |       |       |       |     1 |     3 ||     4
  Use: Scroll            |       |     3 |     6 |    10 |     3 ||    22
 Stab: Sleeping          |     1 |     1 |       |       |       ||     2
Armor: Skin              |     1 |     4 |     1 |     2 |     1 ||     9
Dodge: Dodged            |    10 |    61 |    60 |   102 |    11 ||   244
Block: Buckler           |       |       |     9 |    44 |     4 ||    57
